 Dungeon Crawl Stone Soup version 0.28.0-1-gb440e238dd (webtiles) character file.

Game seed: 8143493378119817153

43 Snicker the Sneak (level 3, -4/29 HPs)
             Began as a Demonspawn Delver on Feb 22, 2022.
             Slain by a bullfrog zombie (5 damage)
             ... on level 4 of the Dungeon.
             The game lasted 00:03:19 (916 turns).

Snicker the Sneak (Demonspawn Delver)                Turns: 916, Time: 00:03:19

Health: -4/29      AC:  3    Str: 12    XL:     3   Next: 37%
Magic:  3/3        EV: 17    Int: 11    God:
Gold:   33         SH:  0    Dex: 16    Spells: 2/2 levels left

rFire   . . .      SeeInvis .   a - +0 short sword
rCold   . . .      Faith    .   (no shield)
rNeg    . . .      Spirit   .   b - +0 leather armour
rPois   .          Reflect  .   (helmet restricted)
rElec   .          Harm     .   (no cloak)
rCorr   .          Rampage  .   (no gloves)
Will    .....                   (no boots)
Stlth   +++.......              (no amulet)
HPRegen 0.09/turn               (no ring)
MPRegen 0.08/turn               (no ring)

@: agile
A: antennae 1, powered by pain 1
a: no special abilities


You were on level 4 of the Dungeon.
You visited 1 branch of the dungeon, and saw 3 of its levels.

You collected 33 gold pieces.

Inventory:

Hand Weapons
 a - a +0 short sword (weapon)
Armour
 b - a +0 leather armour (worn)
 i - a +0 leather armour of fire resistance
Wands
 g - a wand of digging (3)
Scrolls
 c - a scroll of fog
 d - a scroll of magic mapping
Potions
 f - a potion of haste
 h - a potion of ambrosia {unknown}
 j - 2 potions of degeneration {unknown}


   Skills:
 + Level 3.3 Fighting
 * Level 2.1 Short Blades
 + Level 0.1 Armour
 + Level 1.8 Dodging
 * Level 5.2 Stealth


You had 2 spell levels left.
You didn't know any spells.
Your spell library was empty.

Dungeon Overview and Level Annotations

Branches:
Dungeon (6/15)
 Temple: D:4-7

Altars:


Innate Abilities, Weirdness & Mutations

You have a pair of small antennae on your head.
You sometimes gain a little power by taking damage.


Message History

You see here a +0 plate armour.
The bullfrog zombie closely misses you. The bullfrog zombie hits you.
* * * LOW HITPOINT WARNING * * *
The bullfrog zombie hits you.
* * * LOW HITPOINT WARNING * * *
The bullfrog zombie misses you.
As you read the scroll of fear, it crumbles to dust.
You assume a fearsome visage.
The bullfrog zombie is unaffected.
The ogre looks frightened!
The bullfrog zombie completely misses you.
You hit the bullfrog zombie.
The bullfrog zombie is lightly damaged.
The bullfrog zombie completely misses you.
You hit the bullfrog zombie.
The bullfrog zombie is moderately damaged.
The bullfrog zombie misses you.
The ogre gives up.
You barely miss the bullfrog zombie.
The bullfrog zombie is moderately damaged.
The bullfrog zombie barely misses you.
The bullfrog zombie hits you but does no damage.
Unknown command.
You hit the bullfrog zombie.
The bullfrog zombie is moderately damaged.
The bullfrog zombie closely misses you.
The ogre starts to cry.
Unknown command.
You hit the bullfrog zombie.
The bullfrog zombie is heavily damaged.
The bullfrog zombie completely misses you.
You hit the bullfrog zombie.
The bullfrog zombie is heavily damaged.
The bullfrog zombie completely misses you.
The bullfrog zombie hits you.
* * * LOW HITPOINT WARNING * * *
You barely miss the bullfrog zombie.
The bullfrog zombie is heavily damaged.
The bullfrog zombie hits you.
You die...

#......##
#....#..##
#####
#...###..##
#...# #####
##..# #...#
#.[### #..##
##....###..#
##.........##
#.Z..####..#
#@#### ##.#
### ###


You could see a bullfrog zombie.

Vanquished Creatures
  A bullfrog zombie (D:6)
  An adder skeleton (D:4)
  A dart slug (D:4)
  An orc (D:4)
  A ball python (D:4)
  A goblin (D:4)
  A kobold (D:4)
7 creatures vanquished.

Notes
Turn   | Place    | Note
-------+----------+-------------------------------------------
     0 | D:5      | Snicker the Demonspawn Delver began the quest for the Orb.
     0 | D:5      | Reached XP level 1. HP: 18/18 MP: 1/1
    33 | D:6      | Noticed a centaur
   111 | D:6      | Reached skill level 5 in Stealth
   111 | D:6      | Gained mutation: You sometimes gain a little power by
                  | taking damage. [demonic ancestry]
   111 | D:6      | Reached XP level 2. HP: 15/24 MP: 2/2
   111 | D:6      | Discovered your monstrous ancestry.
   111 | D:6      | Gained mutation: You have a pair of small antennae on your
                  | head. [demonic ancestry]
   111 | D:6      | Reached XP level 3. HP: 18/29 MP: 3/3
   643 | D:4      | Noticed an ogre
   906 | D:4      | HP: 1/29 [bullfrog zombie (1)]
   915 | D:4      | HP: 1/29 [bullfrog zombie (1)]
   916 | D:4      | Slain by a bullfrog zombie

Illustrated notes

Levels and vault maps discovered:
D:4:      layout_cave_pods, mainiacjoe_overflow_alcove_1,
          grunt_decor_one_mirror, kennysheep_path_1
D:5:      cheibrodos_helix_gallery, layout_gridville,
          minmay_temple_entry_from_below_b, uniq_ijyb
D:6:      minmay_opposing_rooms, layout_loops_ring

Skill      XL: |  1 |
---------------+----+-----
Short Blades   | 2 |  2.1
Stealth        | 5 |  5.2
Fighting       | |  3.3
Armour         | |  0.1
Dodging        | |  1.8

Action                   || total
-------------------------++-------
Melee: Short sword       ||    52
  Use: Scroll            ||     2
Armor: Leather armour    ||     9
Dodge: Dodged            ||    43
